 Dungeon Crawl Stone Soup version 0.32-a0-42-ga30500b4d3 (webtiles) character file.

Game seed: 2958834876777235721

14 KikiJiki the Caller (level 2, -4/19 HPs)
             Began as a Mummy Summoner on Feb 3, 2024.
             Slain by a cerulean imp
             ... wielding a +0 spear
             ... summoned by Natasha
              (5 damage)
             ... on level 2 of the Dungeon.
             The game lasted 00:01:32 (845 turns).

KikiJiki the Caller (Mummy Summoner)                 Turns: 845, Time: 00:01:33

Health: -4/19      AC:  2    Str: 11    XL:     2   Next: 27%
Magic:  4/6        EV: 12    Int: 14    God:
Gold:   70         SH:  0    Dex: 12    Spells: 6/7 levels left

rFire   x . .        (no weapon)
rCold   + . .        (no shield)
rNeg    + + +        a - +0 robe
rPois   ∞            (no helmet)
rElec   .            (no cloak)
rCorr   .            (no gloves)
SInv    .            (no boots)
Will    .....        (no amulet)
Stlth   ++           (no ring)
HPRegen 0.23/turn    (no ring)
MPRegen 0.10/turn

%: faith
@: slowed, very slow
A: cold resistance 1, negative energy resistance 3, torment resistance 2, heat
vulnerability 1, in touch with death 1, no potions, faith
a: no special abilities


You were on level 2 of the Dungeon.
You visited 1 branch of the dungeon, and saw 2 of its levels.

You collected 70 gold pieces.

Inventory:

Armour
 a - a +0 robe (worn)
Scrolls
 b - 2 scrolls of identify {unknown}
 c - a scroll of immolation {unknown}
 d - a scroll of revelation {unknown}


   Skills:
 - Level 1.5 Dodging
 - Level 1.5 Stealth
 + Level 3.3 Spellcasting
 + Level 3.5 Summonings


You had 6 spell levels left.
You knew the following spells:

 Your Spells              Type           Power      Damage    Failure   Level
s - Summon Small Mammal   Summ           48%        N/A       4%          1

Your spell library contained the following spells:

 Spells                   Type           Power      Damage    Failure   Level
 Call Imp                 Summ           24%        N/A       8%          2
 Call Canine Familiar     Summ           12%        N/A       14%         3
 Summon Blazeheart Golem  Fire/Summ      7%         N/A       69%         4
 Summon Lightning Spire   Summ/Air       7%         N/A       69%         4


Dungeon Overview and Level Annotations

Branches:
Dungeon (2/15)

Altars:

Annotations:
D:2 Natasha


Innate Abilities, Weirdness & Mutations

You are immune to poison.
Your flesh is cold resistant. (rC+)
You are immune to negative energy. (rN+++)
You are immune to unholy pain and torment.
You are vulnerable to heat. (rF-)
You are in touch with the powers of death.
You do not drink.
You have a special connection with the divine. (Faith)


Message History

Natasha stares at you and mumbles some strange words.
You resist with significant effort.
Natasha is nearby!
Natasha is nearby!
A frilled lizard comes into view.
The frilled lizard hisses angrily.
A frilled lizard comes into view.
The frilled lizard hisses angrily.
You hear an angry hiss. x2
Natasha stares at you and mumbles some strange words.
You feel yourself slow down.
A frilled lizard comes into view.
Unknown command.
Natasha closely misses you.
Your bat hits Natasha. You hit Natasha but do no damage.
Natasha is lightly wounded.
Your bat hits Natasha. Natasha barely misses you.
A frilled lizard comes into view.
Natasha mumbles some strange words.
Your bat hits Natasha but does no damage.
Your rat barely misses Natasha.
You closely miss Natasha.
Natasha is lightly wounded.
Your bat misses Natasha.
Your bat closely misses the cerulean imp.
Your bat barely misses Natasha.
Natasha claws you.
Your bat barely misses Natasha.
The cerulean imp hits you from afar with a +0 spear.
Your rat closely misses Natasha.
You hit Natasha.
Natasha is moderately wounded.
Your bat completely misses Natasha.
Your bat misses the cerulean imp.
Your bat hits Natasha but does no damage.
Natasha completely misses you.
The cerulean imp hits you from afar with a +0 spear.
Your rat bites Natasha but does no damage.
Natasha claws you!
* * * LOW HITPOINT WARNING * * *
The frilled lizard closely misses you.
The cerulean imp hits you from afar with a +0 spear.
You die...

~~............
~~...........## ~
.............. ..
#ll..(.....## ##.
#............
#..##...l..5...#
#.......lrb....#
#........@h....#
#.......######...
#.......#
#.......#
#.......#
#.......#
#...)...#
###.....#
#......#


You could see Natasha (ally target), a cerulean imp (summoned), 4 frilled
lizards, a friendly bat (summoned) and a friendly rat (summoned).

Vanquished Creatures
  A giant cockroach (D:1)
  2 rats
3 creatures vanquished.

Vanquished Creatures (collateral kills)
  2 ball pythons (D:1)
  2 bats (D:1)
  An endoplasm (D:1)
  A goblin (D:1)
  2 kobolds (D:1)
  A quokka (D:1)
9 creatures vanquished.

Grand Total: 12 creatures vanquished

Notes
Turn   | Place    | Note
-------+----------+-------------------------------------------
     0 | D:1      | KikiJiki the Mummy Summoner began the quest for the Orb.
     0 | D:1      | Reached XP level 1. HP: 13/13 MP: 4/4
   382 | D:1      | Reached XP level 2. HP: 19/19 MP: 4/6
   838 | D:2      | Noticed Natasha
   845 | D:2      | Slain by a cerulean imp

Illustrated notes

Levels and vault maps discovered:
D:1:      reono_arrival_mine, layout_basic
D:2:      layout_basic, hellmonk_ecumenical_altar_inner_sanctum,
          mrwooster_statue_mirror, st_stairs_10, grunt_ministairs_2,
          serial_bayou_pond_a, minmay_lizard_pond, uniq_jessica, uniq_natasha

Skill      XL: |  1 |
---------------+----+-----
Spellcasting   | 3 |  3.3
Dodging        | |  1.5
Stealth        | |  1.5
Summonings     | |  3.5

Action                     || total
---------------------------++-------
  Melee: Unarmed           ||    32
         Punch             ||     1
   Cast: Summon Small Mamm ||    22
 Armour: Robe              ||    28
  Dodge: Dodged            ||    29

Table legend: (Time is in decaauts)
 A = Elapsed time spent in this place.
 B = Non-inter-level travel time spent in this place.
 C = Inter-level travel time spent in this place.
 D = Time resting spent in this place.
 E = Time spent auto-exploring this place.
 F = Levels seen in this place.
 G = Mean time per level.
                   A        B        C        D        E       F      G
               +--------+--------+--------+--------+--------+-----+--------+
         Total |    846 |    834 |     12 |      0 |    691 |   2 |  423.0 |
       Dungeon |    846 |    834 |     12 |      0 |    691 |   2 |  423.0 |
               +--------+--------+--------+--------+--------+-----+--------+

Top non-repeatable levels by time:
     D:1: 745 daAuts
     D:2: 101 daAuts
